 Dungeon Crawl Stone Soup version 0.31-a0-971-g75a2e9a4b4 (webtiles) character file.

Game seed: 13875451166663885299

47772 mattiecakes the Warrior (level 14, -3/140 HPs)
             Began as a Minotaur Berserker on Oct 29, 2023.
             Was a High Priest of Trog.
             Engulfed by a swamp dragon's poison gas (4 damage)
             ... on level 5 of the Lair of Beasts.
             The game lasted 00:56:26 (15809 turns).

mattiecakes the Warrior (Minotaur Berserker)       Turns: 15809, Time: 00:56:27

Health: -3/140     AC: 21    Str: 29    XL:     14   Next: 9%
Magic:  13/13      EV: 14    Int:  2    God:    Trog [*****.]
Gold:   629        SH:  0    Dex: 12    Spells: 13/13 levels left

rFire   . . .        n - +6 war axe of the Spectre {freeze, rC+}
rCold   + . .        (no shield)
rNeg    . . .        c - +1 plate armour of the Lair of Beasts {Rampage Str+2 Int-2 Dex+2}
rPois   .            (helmet restricted)
rElec   .            (no cloak)
rCorr   +            i - +1 pair of gloves
SInv    .            (no boots)
Will    +....        x - amulet of regeneration Stlth
                     f - +5 ring of evasion
HPRegen 1.23/turn    m - ring of resist corrosion
MPRegen 0.13/turn

%: rampage
@: lethally poisoned (-3 -> -60), about to teleport, hasted, very quick
A: horns 2, retaliatory headbutt, iridescent scales 1
a: Renounce Religion, Berserk, Trog's Hand, Brothers in Arms


You were on level 5 of the Lair of Beasts.
You worshipped Trog.
Trog was extremely pleased with you.
You visited 3 branches of the dungeon, and saw 18 of its levels.
You also visited: Sewer.

You collected 1574 gold pieces.
You spent 945 gold pieces at shops.

Inventory:

Hand Weapons
 n - the +6 war axe of the Spectre (weapon) {freeze, rC+}
   (You found it on level 3 of the Dungeon)

   rC+:       It protects you from cold.
 y - a +1 hand axe of flaming
Armour
 c - the +1 plate armour of the Lair of Beasts (worn) {Rampage Str+2 Int-2 Dex+2}
   (You bought it in a shop on level 10 of the Dungeon)

   Str+2:     It affects your strength (+2).
   Int-2:     It affects your intelligence (-2).
   Dex+2:     It affects your dexterity (+2).
   Rampage:   It bestows one free step when moving towards enemies.
 i - a +1 pair of gloves (worn)
Jewellery
 b - a ring of protection from cold
 f - a +5 ring of evasion (left hand)
 m - a ring of resist corrosion (right hand)
 x - an amulet of regeneration (around neck)
 B - a ring of flight
Talismans
 E - the serpent talisman of Weak Creativity {Fly}
   (You found it on level 3 of the Lair of Beasts)

   [serpent talisman]

   Fly:       It grants you flight.
Wands
 k - a wand of quicksilver (12)
 p - a wand of roots (13)
 t - a wand of polymorph (9)
 w - a wand of mindburst (5)
 z - a wand of charming (6)
 C - a wand of digging (7)
 G - a wand of flame (8)
Scrolls
 a - a scroll of silence
 d - 2 scrolls of poison
 e - 17 scrolls of identify
 g - 3 scrolls of enchant weapon
 o - 3 scrolls of immolation
 q - a scroll of revelation {unknown}
 s - 4 scrolls of teleportation
Potions
 h - 2 potions of magic
 l - 2 potions of mutation
 r - a potion of might {unknown}
 u - 2 potions of degeneration {unknown}
 v - 2 potions of ambrosia {unknown}
 A - a potion of brilliance {unknown}
 D - a potion of resistance {unknown}
 F - a potion of experience {unknown}


   Skills:
 - Level 17.0 Fighting
 - Level 16.7 Axes
 - Level 13.4 Armour
 - Level 2.1 Dodging
 + Level 9.7 Evocations


You had 13 spell levels left.
You didn't know any spells.
Your spell library was empty.

Dungeon Overview and Level Annotations

Branches:
Dungeon (11/15)            Temple (0/1) D:6            Lair (5/5) D:11
 Shoals (0/4) Lair:3       Spider (0/4) Lair:2          Orc (2/2) D:9
    Elf (0/3) Orc:2         Sewer (visited)
  Slime: Lair:4-5

Altars:
Ashenzari
Fedhas
Gozag
Hepliaklqana
Kikubaaqudgha
Okawaru
Qazlal
Sif Muna
Vehumet
Wu Jian
Yredelemnul

Shops:
D:6 *   D:10 [   Orc:1 (   Orc:2 (!(:

Annotations:
D:10 3 runed translucent doors, Persephone's ghost, journeyman TrSh


Innate Abilities, Weirdness & Mutations

You have a pair of horns on your head.
You reflexively headbutt those who attack you in melee.
You are partially covered in iridescent scales. (AC +2)


Message History

You are more poisoned.
Unknown command.
You are engulfed in poison gas.
You are more poisoned.
* * * LOW HITPOINT WARNING * * *
You feel less confused.
* * * LOW HITPOINT WARNING * * *
You feel extremely sick.
The swamp dragon bites you but does no damage.
The swamp dragon claws you but does no damage.
The swamp dragon closely misses you.
Unknown command.
Unknown command.
You feel yourself speed up.
You are engulfed in poison gas.
You are lethally poisoned!
* * * LOW HITPOINT WARNING * * *
x2 You feel extremely sick.
The swamp dragon breathes poison at you.
The blast of poison engulfs you but does no damage.
You are more poisoned.
The jelly hits you but does no damage.
Unknown command.
Unknown command.
As you read the scroll of teleportation, it crumbles to dust.
You feel strangely unstable.
You are engulfed in poison gas.
You are more poisoned.
* * * LOW HITPOINT WARNING * * *
x2 You feel extremely sick.
The swamp dragon bites you.
* * * LOW HITPOINT WARNING * * *
The swamp dragon claws you.
* * * LOW HITPOINT WARNING * * *
The swamp dragon tramples you but does no damage.
The jelly hits you but does no damage.
Unknown command.
Unknown command.
It was a potion of magic.
Magic courses through your body.
You are engulfed in poison gas.
You are more poisoned.
You die...

... .. #...
#######............
.~..###..#..#...........P
P~~.....#...#............P
≈≈~~......................
≈≈~~~.................P..#
≈~......°†☼#§.............
~~..PP..D°#☼☼☼...P......#
.~....○JJ@☼.☼☼..†.......#
..$≈~~.☼○○°P..#.#....#P.#
..~P~..#○###...###..##
~≈≈~...### #.......<.#
.~..... #...#...###
...P#.. ##.##.##... ..##.
###### .(P .. .. #.


You could see a swamp dragon (catching breath) and 2 jellies.

Vanquished Creatures
  Erolcha (Orc:2)
  3 hydras
  A catoblepas (Lair:1)
  4 two-headed ogres (D:10)
  The ghost of zenocrate the Covert, a journeyman VSEn of Dithmenos (Lair:2)
  A boulder beetle (Lair:2)
  3 death yaks (Lair:4)
  The ghost of Pokonic1 the Fighter, a novice DrBe of Trog (D:7)
  Sonja (Lair:2)
  A pharaoh ant (Lair:2)
  The ghost of Savior361 the Martial Artist, a novice OpSh of Gozag (D:8)
  A swamp dragon (Lair:5)
  The ghost of Tollund the Cutter, a novice KoBr of Ru (D:7)
  10 orc sorcerers (Orc:2)
  2 orc knights (Orc:2)
  A manticore (D:11)
  3 cyclopes (D:11)
  A merfolk siren (Lair:3)
  5 black mambas
  2 gargoyles
  A torpor snail (Lair:2)
  9 cane toads
  An unseen horror (D:10)
  2 rime drakes
  2 komodo dragons
  5 polar bears
  10 blink frogs (Lair:2)
  5 trolls
  A jumping spider (Lair:2)
  A shadow (D:9)
  30 yaks
  3 basilisks
  2 wyverns
  A steam dragon (D:4)
  4 vampire mosquitoes (D:11)
  7 wargs (Orc:1)
  An acid dragon (D:10)
  11 water moccasins
  Duvessa (D:7)
  10 orc warriors
  2 black bears (D:6)
  4 swamp drakes (Lair:5)
  4 ice beasts (D:11)
  2 sky beasts (D:7)
  9 ogres
  16 wolves
  2 centaurs
  A phantom (D:6)
  7 kobold brigands
  12 bullfrogs
  A gnoll sergeant (D:6)
  10 scorpions
  8 wights (D:7)
  Dowan (D:7)
  3 killer bees (D:11)
  A hound (D:4)
  A jelly (D:7)
  8 orc priests
  A gnoll bouda (D:7)
  3 sleepcaps
  An iguana (D:7)
  31 orc wizards
  5 hell rats (Lair:4)
  Robin (D:3)
  5 gnolls (D:7)
  9 adders
  2 river rats
  A shadow imp (D:6)
  A white imp (D:8)
  2 ufetubi (D:6)
  4 worms
  A dart slug (D:4)
  30 orcs
  6 bats
  10 endoplasms
  8 giant cockroaches
  19 goblins
  10 hobgoblins
  4 jackals (D:1)
  25 kobolds
  4 quokkas
  14 ball pythons
  2 frilled lizards (D:3)
  9 rats
  A spectral orc (D:7)
452 creatures vanquished.

Vanquished Creatures (collateral kills)
  A two-headed ogre (Orc:2)
  An orc knight (Orc:1)
  The ghost of Sanktem7 the Chopper, a novice MiFi (D:5)
  2 komodo dragons (Lair:2)
  A troll (Orc:1)
  A polar bear (Lair:2)
  4 yaks
  An orc warrior (Orc:2)
  A wolf (Lair:3)
  3 orcs
16 creatures vanquished.

Vanquished Creatures (others)
  A rat (D:4)
1 creature vanquished.

Grand Total: 469 creatures vanquished

Notes
Turn   | Place    | Note
-------+----------+-------------------------------------------
     0 | D:1      | mattiecakes the Minotaur Berserker began the quest for the
                  | Orb.
     0 | D:1      | Reached XP level 1. HP: 19/19 MP: 0/0
    46 | D:1      | Reached skill level 4 in Fighting
    59 | D:1      | Reached XP level 2. HP: 26/28 MP: 1/1
    62 | D:1      | Found a faded altar of an unknown god.
   540 | D:1      | Reached skill level 5 in Fighting
   659 | D:1      | Reached ** piety under Trog
   661 | D:1      | Reached XP level 3. HP: 33/36 MP: 2/2
  1025 | D:2      | Identified the +0 ring mail of the Bagpipe {Rampage rC-
                  | Dex+3}
  1188 | D:2      | Reached skill level 6 in Fighting
  1188 | D:2      | Reached XP level 4. HP: 44/44 MP: 3/3
  1702 | D:3      | Reached *** piety under Trog
  1928 | D:3      | Noticed Robin
  1947 | D:3      | Killed Robin
  1963 | D:3      | Identified the +6 war axe of the Spectre {freeze, rC+}
  2027 | D:4      | Noticed a steam dragon
  2027 | D:4      | Found a glowing drain.
  2034 | D:4      | Killed a steam dragon
  2034 | D:4      | HP: 2/45 [something (15)]
  2035 | D:4      | Reached skill level 8 in Fighting
  2035 | D:4      | Reached XP level 5. HP: 2/53 MP: 4/4
  2048 | D:4      | Reached XP level 6. HP: 9/61 MP: 5/5
  2049 | D:4      | HP: 2/91 [worm (7)]
  2426 | Sewer    | Entered a sewer
  2486 | Sewer    | Reached skill level 9 in Fighting
  2816 | Sewer    | Reached XP level 7. HP: 69/71 MP: 6/6
  3140 | D:4      | Reached **** piety under Trog
  3427 | D:5      | Entered Level 5 of the Dungeon
  3452 | D:5      | Reached skill level 5 in Axes
  3484 | D:5      | Identified the amulet "Gasof" {Faith Fragile rN+ Will+
                  | Int+5}
  3503 | D:5      | Gained mutation: You are frail. (-10% HP) [potion of
                  | mutation]
  3503 | D:5      | Gained mutation: Your magical capacity is low. (-10% MP)
                  | [potion of mutation]
  3503 | D:5      | Gained mutation: Your system is resistant to poisons.
                  | (rPois) [potion of mutation]
  3551 | D:5      | Lost mutation: You are frail. (-10% HP) [potion of
                  | mutation]
  3551 | D:5      | Lost mutation: Your system is resistant to poisons. (rPois)
                  | [potion of mutation]
  3551 | D:5      | Lost mutation: Your magical capacity is low. (-10% MP)
                  | [potion of mutation]
  3551 | D:5      | Gained mutation: You are partially covered in iridescent
                  | scales. (AC +2) [potion of mutation]
  3737 | D:5      | Reached XP level 8. HP: 79/79 MP: 7/7
  3899 | D:5      | Identified the +1 robe "Oceut" {Regen+}
  4069 | D:5      | Found a large runed translucent door.
  4071 | D:5      | Found a large runed translucent door.
  4072 | D:5      | Noticed Sanktem7's ghost (novice MiFi)
  4273 | D:5      | Killed Sanktem7's ghost
  4349 | D:6      | Found Sautsaof's General Store.
  4354 | D:6      | Bought a scroll of enchant weapon for 105 gold pieces
  4371 | D:6      | Reached skill level 10 in Axes
  5850 | D:6      | Found a staircase to the Ecumenical Temple.
  5886 | D:6      | Reached XP level 9. HP: 50/85 MP: 8/8
  6050 | D:6      | Found an iron altar of Okawaru.
  6059 | D:6      | Found a stormy altar of Qazlal.
  6221 | D:7      | Identified the ring of Paehuj {rPois rF+ EV+5 Slay-5}
  6413 | D:7      | Found a hazy altar of Hepliaklqana.
  6469 | D:7      | Found a runed translucent gate.
  6469 | D:7      | Found a runed translucent gate.
  6469 | D:7      | Found a runed translucent gate.
  6478 | D:7      | Noticed Pokonic1's ghost (novice DrBe)
  6478 | D:7      | Noticed Tollund's ghost (novice KoBr)
  6480 | D:7      | Identified the ring of Midnight {Ice Contam Will+ rCorr
                  | Dex+3}
  6531 | D:7      | Noticed Duvessa
  6531 | D:7      | Noticed Dowan
  6538 | D:7      | Killed Duvessa
  6539 | D:7      | Killed Dowan
  6551 | D:7      | Found an ornate altar of the Wu Jian Council.
  6551 | D:7      | Found a blossoming altar of Fedhas.
  6597 | D:7      | Killed Tollund's ghost
  6601 | D:7      | Killed Pokonic1's ghost
  6602 | D:7      | Reached skill level 15 in Axes
  6602 | D:7      | Reached XP level 10. HP: 93/93 MP: 9/9
  6823 | D:8      | Found a runed translucent gate.
  6823 | D:8      | Found a runed translucent gate.
  6823 | D:8      | Found a runed translucent gate.
  6986 | D:8      | Found an opulent altar of Gozag.
  6989 | D:8      | Noticed Savior361's ghost (novice OpSh)
  7730 | D:8      | Killed Savior361's ghost
  7852 | D:9      | Found a staircase to the Orcish Mines.
  7865 | D:9      | Noticed a gargoyle
  7870 | D:9      | Killed a gargoyle
  8100 | D:9      | Reached skill level 10 in Fighting
  8114 | D:9      | Reached ***** piety under Trog
  8359 | Lair:5   | Identified the of Tubemiby
  8359 | Orc:1    | Entered Level 1 of the Orcish Mines
  8359 | Orc:1    | Noticed an orc knight
  8364 | Orc:1    | Killed an orc knight
  8365 | Orc:1    | Reached skill level 11 in Fighting
  8432 | Orc:1    | Found Acsoa's Antique Weapon Boutique.
  8537 | Orc:2    | Entered Level 2 of the Orcish Mines
  8537 | Orc:2    | Noticed an orc sorcerer
  8542 | Orc:2    | Paralysed by an orc sorcerer for 4 turns
  8551 | Orc:2    | Killed an orc sorcerer
  8552 | Orc:2    | Reached skill level 12 in Fighting
  8552 | Orc:2    | Reached XP level 11. HP: 58/104 MP: 10/10
  8587 | Orc:2    | Noticed a two-headed ogre
  8593 | Orc:2    | Killed a two-headed ogre
  8598 | Orc:2    | Noticed an orc knight
  8740 | Orc:1    | Reached skill level 13 in Fighting
  9119 | Orc:2    | Killed an orc knight
  9119 | Orc:2    | Identified the +5 battleaxe of Hefral {antimagic, SInv}
                  | (Trog gifted it to you on level 2 of the Orcish Mines)
  9119 | Orc:2    | Received a gift from Trog
  9120 | Orc:2    | Reached skill level 14 in Fighting
  9226 | D:10     | Entered Level 10 of the Dungeon
  9259 | D:10     | Found a broken altar of Ashenzari.
  9328 | D:10     | Found Xoomaf's Antique Armour Shoppe.
  9427 | Orc:2    | Noticed an orc knight
  9447 | Orc:2    | Killed an orc knight
  9662 | Orc:2    | Noticed an orc sorcerer
  9675 | Orc:2    | Noticed a sun demon
  9688 | Orc:2    | Killed an orc sorcerer
  9735 | Orc:2    | Found Saelludokh's Book Shoppe.
  9737 | Orc:2    | Noticed an orc sorcerer
  9752 | Orc:2    | Killed an orc sorcerer
  9753 | Orc:2    | Reached skill level 15 in Fighting
  9770 | Orc:2    | Found an ancient bone altar of Kikubaaqudgha.
  9770 | Orc:2    | Noticed an orc sorcerer
  9770 | Orc:2    | Noticed an orc sorcerer
  9771 | Orc:2    | Noticed an orc sorcerer
  9772 | Orc:2    | Noticed an orc sorcerer
  9773 | Orc:2    | Found Tehon's Distillery.
  9776 | Orc:2    | Killed an orc sorcerer
  9777 | Orc:2    | Killed an orc sorcerer
  9778 | Orc:2    | Noticed Erolcha
  9781 | Orc:2    | Killed an orc sorcerer
  9782 | Orc:2    | Killed an orc sorcerer
  9783 | Orc:2    | Reached skill level 16 in Fighting
  9793 | Orc:2    | Killed Erolcha
  9802 | Orc:2    | Noticed an orc sorcerer
  9805 | Orc:2    | Noticed an orc sorcerer
  9808 | Orc:2    | Paralysed by an orc sorcerer for 2 turns
  9812 | Orc:2    | Killed an orc sorcerer
  9818 | Orc:2    | Killed an orc sorcerer
  9819 | Orc:2    | Reached XP level 12. HP: 43/122 MP: 11/11
  9887 | Orc:2    | Found a radiant altar of Vehumet.
  9965 | Orc:2    | Found Puocuets's Antique Weapon Emporium.
 10002 | Orc:2    | Found Ummeloyts's Antique Weapon Emporium.
 10176 | Orc:2    | Found a shimmering blue altar of Sif Muna.
 10274 | Orc:2    | Found a staircase to the Elven Halls.
 10505 | D:10     | Bought a faintly humming plate armour for 840 gold pieces
 10505 | D:10     | Identified the +1 plate armour of the Lair of Beasts
                  | {Rampage Str+2 Int-2 Dex+2} (You bought it in a shop on
                  | level 10 of the Dungeon)
 10561 | D:10     | Received a gift from Trog
 10562 | D:10     | Reached skill level 17 in Fighting
 10595 | D:10     | Noticed a two-headed ogre
 10602 | D:10     | Killed a two-headed ogre
 10664 | D:10     | Reached skill level 5 in Armour
 10752 | D:10     | Noticed a two-headed ogre
 10758 | D:10     | Killed a two-headed ogre
 10818 | D:10     | Found a runed translucent gate.
 10818 | D:10     | Found a runed translucent gate.
 10818 | D:10     | Found a runed translucent gate.
 10819 | D:10     | Noticed Persephone's ghost (journeyman TrSh)
 10849 | D:10     | Noticed a two-headed ogre
 10852 | D:10     | Killed a two-headed ogre
 10868 | D:10     | Noticed a two-headed ogre
 10871 | D:10     | Killed a two-headed ogre
 11179 | D:11     | Found a staircase to the Lair.
 11329 | D:11     | Reached skill level 10 in Armour
 11921 | Lair:1   | Entered Level 1 of the Lair of Beasts
 12091 | Lair:1   | Noticed a catoblepas
 12112 | Lair:1   | Killed a catoblepas
 12738 | Lair:2   | Reached XP level 13. HP: 90/132 MP: 12/12
 13256 | Lair:2   | Found a runed translucent door.
 13266 | Lair:2   | Noticed zenocrate's ghost (journeyman VSEn)
 13267 | Lair:2   | Noticed Sonja
 13274 | Lair:2   | Killed Sonja
 13275 | Lair:2   | Reached skill level 1 in Evocations
 13486 | Lair:2   | Identified the +7 executioner's axe of Animal Spirits
                  | {flame, *Rage Will++ Str+6} (Trog gifted it to you on level
                  | 2 of the Lair of Beasts)
 13486 | Lair:2   | Received a gift from Trog
 13488 | Lair:2   | Found a hole to the Spider Nest.
 13584 | Lair:2   | Reached skill level 5 in Evocations
 13933 | Lair:2   | Killed zenocrate's ghost
 14086 | Lair:3   | Found a basalt altar of Yredelemnul.
 14218 | Lair:3   | Found a gate leading to a gauntlet.
 14355 | Lair:3   | Identified the serpent talisman of Weak Creativity {Fly}
 14627 | Lair:3   | Found a staircase to the Shoals.
 15397 | Lair:4   | Reached XP level 14. HP: 140/140 MP: 13/13
 15735 | Lair:5   | Entered Level 5 of the Lair of Beasts
 15808 | Lair:5   | HP: 7/140 [poisoned by a swamp dragon (poison gas)]
 15808 | Lair:5   | HP: 3/140 [swamp dragon (4)]
 15808 | Lair:5   | HP: 1/140 [swamp dragon (2)]
 15809 | Lair:5   | Engulfed by a swamp dragon's poison gas

Illustrated notes

Levels and vault maps discovered:
D:1:      tarquinn_simple_flora_water_f, layout_basic,
          shapermc_ecumenical_altar_gd, serial_park_tiny_pond
D:2:      layout_loops_ring, corexii_hall_statues_x, minmay_unequal
D:3:      layout_basic, uniq_robin
D:4:      layout_loops_ring, portal_sewer_entry_a, chequers_arboretum,
          minmay_bent
D:5:      layout_basic, ebering_ghost_disaster_area, hangedman_decor_slide_cut
D:6:      layout_rooms, mainiacjoe_overflow_swirl,
          minmay_temple_entry_mini_moons, serial_shops,
          nicolae_shop_tiny_waterfront, st_stairs_7, grunt_ministairs_8,
          due_unseen_surprise
D:7:      layout_rooms, minitemple, nicolae_hepliaklqana_monster_ancestors,
          gammafunk_ghost_cemetery, uniq_duvessa
D:8:      layout_layer_cave, ebering_ghost_gozag
D:9:      layout_gridville, orc_0_dummy
D:10:     layout_roguey, nicolae_ashenzari_skybound, gammafunk_ghost_necromancy,
          serial_shops, shop, roderic_roman_lattice
D:11:     layout_loops_ring, hellmonk_lair_entry_icy,
          chequers_serial_rivers_micro_b
Lair:1:   layout_regular_city
Lair:2:   hellmonk_destroyed_diamonds, layout_cave_pods,
          nicolae_spider_entry_lesser_pyramids, ebering_ghost_reflecting_pool,
          cheibrodos_lair_lostbears, uniq_sonja
Lair:3:   layout_chaotic_city, minmay_shoals_entry_lonely_mermaid, basic_altar,
          gauntlet_entry_generic, grunt_megastairs_4,
          infiniplex_staircase_pool_2
Lair:4:   layout_roguey
Lair:5:   evilmike_catoblepas_cave, layout_loops_ring,
          minmay_slime_entry_jelly_boxes, pond, uniq_urug
Orc:1:    layout_diamond_mine, serial_shops, shop, mines1_david
Orc:2:    kennysheep_orc_mage_school, layout_caves, kennysheep_orc_sif_temple

Skill      XL: |  1  2  3  4  5  6  7  8  9 10 11 12 13 |
---------------+----------------------------------------+-----
Fighting       | 4 5 6 8 9 12 16 17 | 17.0
Axes           | 7 11 15 16 | 16.7
Armour         | 12 13 | 13.4
Evocations     | 9 |  9.7
Dodging        | |  2.1

Action                     |  1- 3 |  4- 6 |  7- 9 | 10-12 | 13-15 || total
---------------------------+-------+-------+-------+-------+-------++-------
  Melee: Hand axe          |    74 |    53 |       |       |     9 ||   136
         Headbutt          |    11 |    16 |    20 |    74 |    60 ||   181
         Punch             |     1 |     2 |     1 |     6 |     3 ||    13
         War axe           |       |    56 |   127 |   402 |   257 ||   842
 Invoke: Berserk           |       |     2 |     2 |     3 |     1 ||     8
         Brothers in Arms  |       |       |     1 |     2 |     2 ||     5
         Trog's Hand       |       |       |       |     2 |       ||     2
    Use: Potion            |       |     2 |     7 |     5 |     3 ||    17
         Scroll            |       |       |    12 |     2 |     1 ||    15
   Stab: Invisible         |       |       |     1 |       |       ||     1
         Distracted        |       |       |     1 |       |       ||     1
 Armour: Animal skin       |    32 |       |       |       |       ||    32
         Ring mail         |     6 |    48 |    25 |       |       ||    79
         Skin              |       |       |     1 |    32 |       ||    33
         Plate armour      |       |       |    41 |   270 |   213 ||   524
  Dodge: Dodged            |    56 |    73 |    60 |   181 |   164 ||   534

Table legend: (Time is in decaauts)
 A = Elapsed time spent in this place.
 B = Non-inter-level travel time spent in this place.
 C = Inter-level travel time spent in this place.
 D = Time resting spent in this place.
 E = Time spent auto-exploring this place.
 F = Levels seen in this place.
 G = Mean time per level.
                   A        B        C        D        E       F      G
               +--------+--------+--------+--------+--------+-----+--------+
         Total |  15793 |  14936 |    857 |   2269 |  10240 |  19 |  831.2 |
       Dungeon |   9616 |   9053 |    563 |   1787 |   6005 |  11 |  874.2 |
          Lair |   3819 |   3636 |    183 |    331 |   2730 |   5 |  763.8 |
  Orcish Mines |   1839 |   1729 |    110 |    113 |   1171 |   2 |  919.5 |
         Sewer |    517 |    517 |      0 |     37 |    333 |   1 |  517.0 |
               +--------+--------+--------+--------+--------+-----+--------+

Top non-repeatable levels by time:
     D:6: 1797 daAuts
  Lair:2: 1227 daAuts
   Orc:2: 1167 daAuts
     D:8: 1125 daAuts
     D:5: 906 daAuts
  Lair:4: 876 daAuts
     D:1: 875 daAuts
  Lair:3: 857 daAuts
     D:3: 832 daAuts
  Lair:1: 793 daAuts
    D:10: 772 daAuts
    D:11: 752 daAuts
     D:9: 689 daAuts
     D:4: 677 daAuts
   Orc:1: 671 daAuts
